 Dungeon Crawl Stone Soup version 0.30-a0-1043-g60ff8d5f49 (webtiles) character file.

Game seed: 5704661844386272455

13 Arcadio the Insei (level 2, -1/21 HPs)
             Began as a Human Transmuter on Apr 9, 2023.
             Slain by a rat (2 damage)
             ... on level 1 of the Dungeon.
             The game lasted 00:00:25 (103 turns).

Arcadio the Insei (Human Transmuter)                 Turns: 103, Time: 00:00:25

Health: -1/21      AC:  2    Str: 10    XL:     2   Next: 50%
Magic:  5/5        EV: 12    Int: 13    God:
Gold:   12         SH:  0    Dex: 13    Spells: 4/5 levels left

rFire   . . .      SeeInvis .      - Unarmed
rCold   . . .      Faith    .    (no shield)
rNeg    . . .      Spirit   .    a - +0 robe
rPois   .          Reflect  .    (no helmet)
rElec   .          Rampage  .    (no cloak)
rCorr   .                        (no gloves)
Will    .....                    (no boots)
Stlth   +                        (no amulet)
HPRegen 0.23/turn                (no ring)
MPRegen 0.09/turn                (no ring)

@: no status effects
A: no striking features
a: no special abilities


You were on level 1 of the Dungeon.
You visited 1 branch of the dungeon, and saw 1 of its levels.

You collected 12 gold pieces.

Inventory:

Armour
 a - a +0 robe (worn)
Potions
 b - a potion of lignification


   Skills:
 + Level 1.3 Fighting
 + Level 2.2 Dodging
 + Level 3.1 Unarmed Combat
 + Level 2.1 Spellcasting
 + Level 2.2 Transmutations


You had 4 spell levels left.
You knew the following spells:

 Your Spells              Type           Power      Damage    Failure   Level
a - Beastly Appendage     Tmut           14%        N/A       10%         1

Your spell library contained the following spells:

 Spells                   Type           Power      Damage    Failure   Level
 Wereblood                Tmut           7%         N/A       16%         2
 Spider Form              Tmut/Pois      4%         N/A       43%         3
 Ice Form                 Ice/Tmut       4%         N/A       85%         4


Dungeon Overview and Level Annotations

Branches:
Dungeon (1/15) Zot: 5897

Altars:


Message History

The dart slug launches a dart at you. The slug dart hits you.
The dart slug launches a dart at you. The slug dart hits you.
You see here a puce potion.
You hit the dart slug but do no damage. The dart slug barely misses you.
You hit the dart slug.
The dart slug is heavily wounded.
The rat barely misses you.
You hit the dart slug.
You kill the dart slug!
The rat closely misses you.
You hit the dart slug.
The dart slug is moderately wounded.
The rat misses you. The dart slug closely misses you.
You hit the dart slug.
The dart slug is severely wounded.
You hit the dart slug.
You kill the dart slug!
The rat bites you. The quokka attacks as you move away!
The quokka barely misses you. The rat bites you but does no damage.
The quokka closely misses you.
Things that are here:
a dart slug corpse; a dart slug corpse The rat barely misses you.
The quokka bites you.
You closely miss the quokka. The rat bites you. The quokka bites you.
You closely miss the quokka.
The rat twitches its whiskers.
The rat bites you but does no damage. The quokka bites you.
* * * LOW HITPOINT WARNING * * *
You hit the quokka.
The quokka is almost dead.
The quokka bites you.
* * * LOW HITPOINT WARNING * * *
The rat misses you.
You miss the quokka.
The quokka is almost dead.
The quokka closely misses you. The rat bites you.
You die...

......8l..... ....###B.....
....# ..... ...## ...+#
###K ...# ...+ ..... .###
...# ....# .# ....##
######...## .##
#...##.........# .8#
#...@........ .##
###!rr...#####. .##
##....$......
.8#################......#
.###.....................#
.###...)................>#
.8##............†..........
.###.......................
.###.......................


You could see a quokka and a rat.

Vanquished Creatures
  2 dart slugs (D:1)
  A ball python (D:1)
  An endoplasm (D:1)
  A giant cockroach (D:1)
  2 goblins (D:1)
  A bat (D:1)
8 creatures vanquished.

Notes
Turn   | Place    | Note
-------+----------+-------------------------------------------
     0 | D:1      | Arcadio the Human Transmuter began the quest for the Orb.
     0 | D:1      | Reached XP level 1. HP: 15/15 MP: 3/3
    79 | D:1      | Reached XP level 2. HP: 21/21 MP: 5/5
   102 | D:1      | HP: 1/21 [quokka (3)]
   103 | D:1      | Slain by a rat

Illustrated notes

Levels and vault maps discovered:
D:1:      psy_arrival_heroes, layout_basic,
          shapermc_ecumenical_altar_mp_highgroup, minmay_strange_pillars,
          minmay_tetromino_s4

Action                     || total
---------------------------++-------
  Melee: Unarmed           ||    25
 Armour: Robe              ||     7
  Dodge: Dodged            ||    26

Table legend: (Time is in decaauts)
 A = Elapsed time spent in this place.
 B = Non-inter-level travel time spent in this place.
 C = Inter-level travel time spent in this place.
 D = Time resting spent in this place.
 E = Time spent auto-exploring this place.
 F = Levels seen in this place.
 G = Mean time per level.
                   A        B        C        D        E       F      G
               +--------+--------+--------+--------+--------+-----+--------+
         Total |    101 |    101 |      0 |      0 |     21 |   1 |  101.0 |
       Dungeon |    101 |    101 |      0 |      0 |     21 |   1 |  101.0 |
               +--------+--------+--------+--------+--------+-----+--------+

Top non-repeatable levels by time:
     D:1: 101 daAuts
